 Dungeon Crawl Stone Soup version 0.29-a0-838-g385bb11a5b (webtiles) character file.

Game seed: 3342071818290069708

36 Zonian the Chiller (level 3, -7/24 HPs)
             Began as a Demonspawn Ice Elementalist on July 14, 2022.
             Mangled by a black bear (9 damage)
             ... on level 2 of the Dungeon.
             The game lasted 00:02:21 (2327 turns).

Zonian the Chiller (Demonspawn Ice Elementalist)    Turns: 2327, Time: 00:02:21

Health: -7/24      AC:  5    Str:  8    XL:     3   Next: 19%
Magic:  6/6        EV: 12    Int: 16    God:
Gold:   94         SH:  0    Dex: 15    Spells: 5/6 levels left

rFire   . . .      SeeInvis .   c - +0 dagger
rCold   . . .      Faith    .   (no shield)
rNeg    . . .      Spirit   .   a - +0 robe
rPois   .          Reflect  .   (no helmet)
rElec   .          Harm     .   (no cloak)
rCorr   .          Rampage  .   (no gloves)
Will    .....                   h - +0 pair of boots
Stlth   ++........              (no amulet)
HPRegen 0.08/turn               (no ring)
MPRegen 0.20/turn               (no ring)

@: no status effects
A: icy blue scales 1, magic regeneration
a: no special abilities


You were on level 2 of the Dungeon.
You visited 1 branch of the dungeon, and saw 2 of its levels.

You collected 94 gold pieces.

Inventory:

Hand Weapons
 c - a +0 dagger (weapon)
 d - a +0 short sword
 j - a +0 hand axe
Armour
 a - a +0 robe (worn)
 h - a +0 pair of boots (worn)
Scrolls
 e - 2 scrolls of identify {unknown}
 i - a scroll of brand weapon {unknown}
 k - a scroll of blinking {unknown}
Potions
 b - a potion of magic
 f - a potion of flight {unknown}
 g - 2 potions of mutation {unknown}


   Skills:
 + Level 2.2 Dodging
 + Level 2.3 Stealth
 + Level 2.4 Spellcasting
 + Level 3.8 Ice Magic


You had 5 spell levels left.
You knew the following spells:

 Your Spells              Type           Power      Damage    Failure   Level
a - Freeze                Ice            56%        1d7       4%          1

Your spell library contained the following spells:

 Spells                   Type           Power      Damage    Failure   Level
 Frozen Ramparts          Ice            28%        1d4       12%         3
 Ozocubu's Armour         Ice            14%        N/A       12%         3
 Hailstorm                Conj/Ice       8%         3d4       65%         4


Dungeon Overview and Level Annotations

Branches:
Dungeon (2/15)

Altars:


Innate Abilities, Weirdness & Mutations

You are partially covered in icy blue scales. (AC +2)
You regenerate magic rapidly.


Message History

The black bear is heavily wounded.
The black bear closely misses you.
The black bear claws you but does no damage.
The black bear misses you.
Casting: Freeze (safe; 4% risk of failure)
Confirm with . or Enter, or press ? or * to list all spells.
Aiming: Freeze (safe; 4% risk of failure)
Press: ? - help, Shift-Dir - straight line, f/p - black bear
Aim: a black bear (heavily wounded)
You freeze the black bear.
The black bear is heavily wounded.
The black bear bites you. The black bear misses you.
The black bear barely misses you.
Casting: Freeze (safe; 4% risk of failure)
Confirm with . or Enter, or press ? or * to list all spells.
Aiming: Freeze (safe; 4% risk of failure)
Press: ? - help, Shift-Dir - straight line, f/p - black bear
Aim: a black bear (heavily wounded)
You freeze the black bear.
The black bear is severely wounded.
The black bear goes berserk!
Unknown command.
Casting: Freeze (safe; 4% risk of failure)
Confirm with . or Enter, or press ? or * to list all spells.
Aiming: Freeze (safe; 4% risk of failure)
Press: ? - help, Shift-Dir - straight line, f/p - black bear
Aim: a black bear (severely wounded, berserk)
You freeze the black bear.
The black bear is almost dead.
The black bear bites you but does no damage.
The black bear claws you but does no damage.
The black bear claws you.
You hit the black bear.
The black bear is almost dead.
The black bear bites you but does no damage.
The black bear barely misses you. The black bear claws you.
The black bear misses you. The black bear claws you. x2
* * * LOW HITPOINT WARNING * * *
Magic courses through your body. The black bear bites you!
You die...

###.#...####.........#
.......(...'.........+
###.#†..####.........#
#.##.## ##.......##
#.#### ##.....## #.#
##...## ##.## #+##
##...## #######.###
#.....# #.....h@..####
##...## #.#####.#....#
##.## #........# #.#
#.###........# #.#
#.........#....
#.##########.#.### ###
#............###
##############


You could see a black bear (berserk).

Vanquished Creatures
  A dart slug (D:2)
  2 endoplasms (D:2)
  3 giant cockroaches
  3 goblins
  4 hobgoblins
  3 kobolds (D:1)
  A quokka (D:2)
  7 ball pythons
  2 bats (D:1)
  3 frilled lizards
  2 rats (D:1)
31 creatures vanquished.

Notes
Turn   | Place    | Note
-------+----------+-------------------------------------------
     0 | D:1      | Zonian the Demonspawn Ice Elementalist began the quest for
                  | the Orb.
     0 | D:1      | Reached XP level 1. HP: 13/13 MP: 3/3
   508 | D:1      | Gained mutation: You regenerate magic rapidly. [demonic
                  | ancestry]
   508 | D:1      | Reached XP level 2. HP: 19/19 MP: 5/5
  1791 | D:2      | Gained mutation: You are partially covered in icy blue
                  | scales. (AC +2) [demonic ancestry]
  1791 | D:2      | Reached XP level 3. HP: 19/24 MP: 1/6
  2314 | D:2      | Noticed a black bear
  2327 | D:2      | Mangled by a black bear

Illustrated notes

Levels and vault maps discovered:
D:1:      minmay_arrival_plants_in_alcoves, layout_loops_corners,
          minmay_misc_feat_four_crosses, minmay_pentomino_v2
D:2:      layout_loops_corners

Skill      XL: |  1 |
---------------+----+-----
Stealth        | 2 |  2.3
Dodging        | 2 |  2.2
Spellcasting   | |  2.4
Ice Magic      | |  3.8

Action                   || total
-------------------------++-------
Melee: Dagger            ||    37
 Cast: Freeze            ||    39
  Use: Potion            ||     1
 Stab: Sleeping          ||     5
Armor: Robe              ||    16
Dodge: Dodged            ||    51

Table legend: (Time is in decaauts)
 A = Elapsed time spent in this place.
 B = Non-inter-level travel time spent in this place.
 C = Inter-level travel time spent in this place.
 D = Time resting spent in this place.
 E = Time spent auto-exploring this place.
 F = Levels seen in this place.
 G = Mean time per level.
                   A        B        C        D        E       F      G
               +--------+--------+--------+--------+--------+-----+--------+
         Total |   2326 |   2288 |     38 |    291 |   1730 |   2 | 1163.0 |
       Dungeon |   2326 |   2288 |     38 |    291 |   1730 |   2 | 1163.0 |
               +--------+--------+--------+--------+--------+-----+--------+

Top non-repeatable levels by time:
     D:1: 1485 daAuts
     D:2: 840 daAuts
